 Dungeon Crawl Stone Soup version 0.28.0 (webtiles) character file.

Game seed: 10008926688562574828

893 Sanktem7 the Conjurer (level 7, -2/38 HPs)
             Began as a Deep Elf Conjurer on Feb 8, 2022.
             Was an Initiate of Gozag.
             Slain by a sky beast (6 damage)
             ... on level 7 of the Dungeon.
             The game lasted 00:13:56 (5608 turns).

Sanktem7 the Conjurer (Deep Elf Conjurer)           Turns: 5608, Time: 00:13:56

Health: -2/38      AC:  8    Str:  4    XL:     7   Next: 78%
Magic:  10/20      EV: 11    Int: 25    God:    Gozag
Gold:   631        SH:  3    Dex: 13    Spells: 18/21 levels left

rFire   . . .      SeeInvis .   b - +3 short sword (venom)
rCold   . . .      Faith    .   c - +0 buckler
rNeg    . . .      Spirit   .   i - +3 leather armour {rPois}
rPois   +          Reflect  .   o - +2 hat
rElec   .          Harm     .   (no cloak)
rCorr   .          Rampage  .   (no gloves)
Will    .....                   (no boots)
Stlth   ++........              (no amulet)
HPRegen 0.12/turn               (no ring)
MPRegen 0.17/turn               (no ring)

@: gold aura
A: no striking features
a: Renounce Religion, Potion Petition, Call Merchant, Bribe Branch


You were on level 7 of the Dungeon.
You worshipped Gozag.
Gozag was pleased with you.
You visited 1 branch of the dungeon, and saw 6 of its levels.
You also visited: Sewer.

You collected 673 gold pieces.
You paid 42 gold pieces to Gozag.

Inventory:

Hand Weapons
 b - a +3 short sword of venom (weapon)
Armour
 c - a +0 buckler (worn)
 i - a +3 leather armour of poison resistance (worn)
 o - a +2 hat (worn)
Wands
 n - a wand of polymorph (12)
Scrolls
 p - a scroll of immolation {unknown}
Potions
 e - a potion of ambrosia {unknown}
 f - 2 potions of heal wounds {unknown}
 h - a potion of invisibility {unknown}
 k - a potion of haste {unknown}
 l - 2 potions of brilliance {unknown}
 m - a potion of flight {unknown}


   Skills:
 - Level 1.1 Fighting
 + Level 0.2 Short Blades
 - Level 2.1 Armour
 + Level 3.5 Dodging
 + Level 3.0 Stealth
 - Level 0.1 Shields
 * Level 7.5 Spellcasting
 * Level 7.5 Conjurations


You had 18 spell levels left.
You knew the following spells:

 Your Spells              Type           Power      Damage    Failure   Level
a - Magic Dart            Conj           100%       1d8       1%          1
b - Searing Ray           Conj           94%        2d7       1%          2

Your spell library contained the following spells:

 Spells                   Type           Power      Damage    Failure   Level
 Dazzling Flash           Conj/Hex       56%        N/A       10%         3
 Beastly Appendage        Tmut           18%        N/A       16%         1
 Sting                    Tmut/Pois      36%        1d4       16%         1
 Poisonous Vapours        Pois/Air       18%        N/A       22%         2
 Wereblood                Tmut           9%         N/A       22%         2
 Fulminant Prism          Conj/Hex       14%        3d9       30%         4
 Iskenderun's Mystic Bla  Conj/Tloc      28%        2d7       30%         4
 Spider Form              Tmut/Pois      9%         N/A       41%         3
 Tukima's Dance           Hex            9%         N/A       41%         3
 Olgreb's Toxic Radiance  Pois           9%         N/A       83%         4
 Passage of Golubria      Tloc           9%         N/A       83%         4
 Yara's Violent Unravell  Hex/Tmut       4%         3d4       99%         5


Dungeon Overview and Level Annotations

Branches:
Dungeon (7/15)             Temple (0/1) D:4           Sewer (visited)

Altars:
Gozag
Okawaru
The Shining One


Message History

Casting: Searing Ray (safe; 1% risk of failure)
Confirm with . or Enter, or press ? or * to list all spells.
Aiming: Searing Ray (safe; 1% risk of failure)
Press: ? - help, Shift-Dir - straight line, f/p - water moccasin
Aim: a water moccasin (severely wounded, 70% to hit)
The searing ray hits the water moccasin.
The water moccasin is severely wounded. (Press . to maintain the ray.)
You block the water moccasin's attack. Something hits you but does no damage.
The kobold closely misses you. The water moccasin bites you.
* * * LOW HITPOINT WARNING * * *
The searing ray hits the water moccasin.
The water moccasin is almost dead.
The water moccasin bites you.
* * * LOW HITPOINT WARNING * * *
Something hits you but does no damage. The kobold closely misses you.
The searing ray hits the water moccasin!
You kill the water moccasin!
Something hits you but does no damage. The kobold hits you but does no damage.
Casting: Searing Ray (safe; 1% risk of failure)
Confirm with . or Enter, or press ? or * to list all spells.
Aiming: Magic Dart (safe; 1% risk of failure)
Press: ? - help, Shift-Dir - straight line, f - kobold
Aim: a kobold, wielding a +0 dagger and quivering stones (100% to hit)
The magic dart hits the kobold.
The kobold is heavily wounded.
You block something's attack. The kobold barely misses you.
Casting: Magic Dart (safe; 1% risk of failure)
Confirm with . or Enter, or press ? or * to list all spells.
Aiming: Magic Dart (safe; 1% risk of failure)
Press: ? - help, Shift-Dir - straight line, f/p - kobold
Aim: a kobold, wielding a +0 dagger and quivering stones (heavily wounded, 100% to hit)
The magic dart hits the kobold.
You kill the kobold!
Something hits you but does no damage.
You barely miss something. Something hits you.
* * * LOW HITPOINT WARNING * * *
Something shocks you.
You die...
Your body crumbles into a pile of gold.

$ #####
###....#
#$@..).#
$
#.${...#
#......#
#......#
##.......
########.


There were no monsters in sight!

Vanquished Creatures
  Grinder (D:3)
  A water moccasin (D:7)
  A phantom (D:4)
  2 bullfrogs (Sewer)
  A centaur skeleton (D:4)
  Jessica (D:3)
  2 iguanas (D:4)
  Natasha (thrice) (D:3)
  A gnoll (D:3)
  9 adders
  3 river rats (Sewer)
  An adder skeleton (D:4)
  5 worms
  A dart slug (D:2)
  4 orcs
  8 endoplasms
  3 giant cockroaches
  3 goblins
  4 hobgoblins
  3 jackals (D:1)
  3 quokkas
  12 ball pythons
  3 bats
  3 frilled lizards (Sewer)
  8 kobolds
  22 rats
108 creatures vanquished.

Notes
Turn   | Place    | Note
-------+----------+-------------------------------------------
     0 | D:1      | Sanktem7 the Deep Elf Conjurer began the quest for the Orb.
     0 | D:1      | Reached XP level 1. HP: 10/10 MP: 6/6
   462 | D:1      | Reached XP level 2. HP: 15/15 MP: 6/8
  1328 | D:2      | Reached skill level 5 in Conjurations
  1905 | D:2      | Reached XP level 3. HP: 19/19 MP: 6/9
  2502 | D:3      | Found an opulent altar of Gozag.
  2538 | D:3      | Found an iron altar of Okawaru.
  2542 | D:3      | Became a worshipper of Gozag Ym Sagoz the Greedy
  2626 | D:3      | Reached XP level 4. HP: 24/24 MP: 4/11
  2956 | D:3      | Found a glowing drain.
  2968 | D:3      | Noticed Natasha
  2980 | Sewer    | Entered a sewer
  2985 | Sewer    | Learned a level 2 spell: Searing Ray
  3541 | Sewer    | Reached XP level 5. HP: 23/28 MP: 1/13
  3885 | Sewer    | Reached skill level 5 in Spellcasting
  3894 | Sewer    | Reached XP level 6. HP: 15/32 MP: 2/16
  4232 | D:3      | Killed Natasha
  4455 | D:3      | Noticed Jessica
  4459 | D:3      | Killed Jessica
  4625 | D:3      | Noticed Natasha
  4632 | D:3      | Killed Natasha
  4660 | D:3      | Noticed Grinder
  4666 | D:3      | Killed Grinder
  4667 | D:3      | Reached skill level 1 in Armour
  4667 | D:3      | Reached XP level 7. HP: 37/37 MP: 9/18
  4905 | D:3      | Found a glowing golden altar of the Shining One.
  5035 | D:3      | Noticed Natasha
  5042 | D:3      | Killed Natasha
  5043 | D:3      | Reached skill level 1 in Fighting
  5178 | D:4      | Found a staircase to the Ecumenical Temple.
  5590 | D:4      | You fall into a shaft and drop 2 floors!
  5608 | D:7      | Slain by a sky beast

Illustrated notes

Levels and vault maps discovered:
D:1:      kilobyte_arrival_exit_the_forest, layout_basic
D:2:      layout_basic, eino_curves_01
D:3:      layout_rooms, tso_altar, nicolae_gozag_seed_capital,
          lemuel_tele_altar, portal_sewer_entry_b, wad_rectangle_vault,
          uniq_natasha, uniq_jessica, uniq_grinder
D:4:      layout_basic, bloody_makhleb, amcnicky_altar_gilded, temple_statues,
          nzn_random_ring
D:6:      layout_rooms, kennysheep_cross_room
D:7:      layout_basic, lemuel_blue_sif_altar, nemelex_spade_bored_becter,
          grunt_decor_fettered, hangedman_decor_growths

Skill      XL: |  1  2  3  4  5  6  7 |
---------------+----------------------+-----
Conjurations   | 5 6 7 |  7.5
Spellcasting   | 4 5 6 7 |  7.5
Armour         | 1 2 |  2.1
Dodging        | 3 |  3.5
Fighting       | 1 |  1.1
Stealth        | 3 |  3.0
Short Blades   | |  0.2
Shields        | |  0.1

Action                   |  1- 3 |  4- 6 |  7- 9 || total
-------------------------+-------+-------+-------++-------
Melee: Short sword       |       |     1 |     4 ||     5
 Cast: Magic Dart        |    64 |   110 |    44 ||   218
       Searing Ray       |       |     8 |     5 ||    13
  Use: Scroll            |       |     7 |     2 ||     9
       Potion            |       |       |     2 ||     2
Armor: Leather armour    |       |    10 |    19 ||    29
Dodge: Dodged            |     1 |    53 |    15 ||    69
Block: Buckler           |     1 |    11 |     7 ||    19
